 Dungeon Crawl Stone Soup version 0.30.0 (webtiles) character file.

Game seed: 14472519783319556862

52 Ayyar the Ducker (level 3, -6/28 HPs)
             Began as a Demonspawn Gladiator on May 10, 2023.
             Splashed by a jelly's acid (10 damage)
             ... on level 4 of the Dungeon.
             The game lasted 00:06:47 (2140 turns).

Ayyar the Ducker (Demonspawn Gladiator)             Turns: 2140, Time: 00:06:47

Health: -6/28      AC:  1    Str: 16    XL:     3   Next: 60%
Magic:  3/3        EV: 12    Int:  9    God:
Gold:   110        SH:  0    Dex: 14    Spells: 2/2 levels left

rFire   . . .        a - +0 flail
rCold   . . .        (no shield)
rNeg    . . .        b - +0 leather armour
rPois   .            (helmet restricted)
rElec   .            t - +0 cloak
rCorr   .            (no gloves)
SInv    .            v - +0 pair of boots
Will    .....        (no amulet)
Stlth   +            (no ring)
HPRegen 0.24/turn    (no ring)
MPRegen 0.08/turn

%: no passive effects
@: corroded
A: antennae 2
a: no special abilities


You were on level 4 of the Dungeon.
You visited 1 branch of the dungeon, and saw 4 of its levels.

You collected 110 gold pieces.

Inventory:

Hand Weapons
 a - a +0 flail (weapon)
Missiles
 d - 3 throwing nets
 e - a javelin
 p - 12 poisoned darts (quivered)
 w - 4 atropa-tipped darts
Armour
 b - a +0 leather armour (worn)
 t - a +0 cloak (worn)
 v - a +0 pair of boots (worn)
Scrolls
 h - 4 scrolls of identify {unknown}
 i - a scroll of vulnerability {unknown}
 j - a scroll of teleportation {unknown}
 n - a scroll of magic mapping {unknown}
 o - a scroll of amnesia {unknown}
 q - a scroll of fog {unknown}
 s - a scroll of blinking {unknown}
 u - a scroll of enchant weapon {unknown}
 x - a scroll of enchant armour {unknown}
 y - a scroll of poison {unknown}
Potions
 c - a potion of resistance {unknown}
 f - a potion of mutation {unknown}
 g - 3 potions of haste {unknown}
 k - 3 potions of lignification {unknown}
 l - a potion of attraction {unknown}
 m - a potion of brilliance {unknown}
 r - 2 potions of degeneration {unknown}
 z - a potion of heal wounds {unknown}


   Skills:
 + Level 2.5 Fighting
 + Level 3.0 Maces & Flails
 + Level 2.2 Throwing
 + Level 0.9 Armour
 + Level 3.1 Dodging


You had 2 spell levels left.
You didn't know any spells.
Your spell library was empty.

Dungeon Overview and Level Annotations

Branches:
Dungeon (4/15)
 Temple: D:4-7

Altars:
Wu Jian


Innate Abilities, Weirdness & Mutations

You have a pair of antennae on your head.


Message History

The jackal barely misses you. The jackal closely misses you.
The jackal barely misses you.
You hit the jackal.
You kill the jackal!
The jackal bites you but does no damage.
You hit the jackal.
The jackal is moderately wounded.
The jackal bites you but does no damage. x2
A jelly comes into view.
You hit the jackal but do no damage.
The jackal is moderately wounded.
The jackal barely misses you. The jackal bites you.
You hit the jackal.
The jackal is almost dead.
The jackal barely misses you. The jackal closely misses you.
You closely miss the jackal.
The jackal is almost dead.
The jackal bites you but does no damage.
You barely miss the jackal.
The jackal is almost dead.
The jackal bites you but does no damage.
The jackal barely misses you.
You closely miss the jackal.
The jackal is almost dead.
The jackal barely misses you. The jackal bites you.
You sock the jackal!
You kill the jackal!
You barely miss the jelly. The jelly hits you. The acid corrodes you!
You are splashed with acid!
You sock the jelly!
Your hands burn!
* * * LOW HITPOINT WARNING * * *
The jelly is moderately wounded.
The jelly closely misses you. The jelly hits you but does no damage.
You hit the jelly but do no damage.
Your hands burn!
* * * LOW HITPOINT WARNING * * *
The jelly is moderately wounded.
The jelly hits you.
* * * LOW HITPOINT WARNING * * *
You are splashed with acid!
You die...

.######+### ≈
≈PP.......#
≈. #P.......#
.≈ ........#
≈ ≈. .......#
≈.≈#. #.....#
≈.≈P..#.....#
≈.≈.P.J@....#
≈.≈#..#.....#
.≈.. #.....#
≈.≈P #.....#
≈.≈ #.....#
≈. #.....# ≈
#.....#
#.....#
#.....# ....


You could see a jelly.

Vanquished Creatures
  An adder (D:2)
  A dart slug (D:2)
  6 ball pythons
  An endoplasm (D:3)
  A giant cockroach (D:4)
  4 goblins (D:1)
  4 hobgoblins
  5 jackals
  3 kobolds
  2 quokkas
  2 bats
  5 frilled lizards
  A rat (D:2)
36 creatures vanquished.

Vanquished Creatures (others)
  3 plants
3 creatures vanquished.

Grand Total: 39 creatures vanquished

Notes
Turn   | Place    | Note
-------+----------+-------------------------------------------
     0 | D:1      | Ayyar the Demonspawn Gladiator began the quest for the Orb.
     0 | D:1      | Reached XP level 1. HP: 16/16 MP: 1/1
   266 | D:1      | Gained mutation: You have a pair of small antennae on your
                  | head. [demonic ancestry]
   266 | D:1      | Reached XP level 2. HP: 22/22 MP: 2/2
   518 | D:1      | You fall into a shaft and drop 1 floor!
   849 | D:2      | Gained mutation: You have a pair of antennae on your head.
                  | [demonic ancestry]
   849 | D:2      | Reached XP level 3. HP: 13/28 MP: 3/3
  1407 | D:3      | Found an ornate altar of the Wu Jian Council.
  2140 | D:4      | Splashed by a jelly's acid

Illustrated notes

Levels and vault maps discovered:
D:1:      eino_arrival_cavern_b, layout_rooms
D:2:      layout_loops_ring, serial_bayou_lagoon_b
D:3:      layout_loops_corners, amcnicky_altar_gilded
D:4:      layout_gridville, kennysheep_mini, zin_statuary,
          nicolae_elyvilon_temple_path, gup_sewer_entry_bubbles,
          minmay_increasing_density

Skill      XL: |  1  2 |
---------------+-------+-----
Throwing       | 2 |  2.2
Maces & Flails | 3 |  3.0
Dodging        | 3 |  3.1
Fighting       | |  2.5
Armour         | |  0.9

Action                     || total
---------------------------++-------
  Melee: Flail             ||   139
  Throw: Dart              ||     1
 Armour: Leather armour    ||    42
  Dodge: Dodged            ||   118
